 Dungeon Crawl Stone Soup version 0.15.2 (webtiles) character file.

112 Amnesiac the Insei (level 4, 0/35 HPs)
             Began as a Mummy Monk on Dec 27, 2017.
             Slain by an adder (3 damage)
             ... on Level 5 of the Dungeon.
             The game lasted 00:10:02 (4707 turns).

Amnesiac the Insei (Mummy Monk)                     Turns: 4707, Time: 00:10:02

HP   0/35        AC  2     Str 14      XL: 4   Next: 64%
MP   4/4         EV 13     Int  9      God:
Gold 227         SH  0     Dex 15      Spells:  0 memorised,  3 levels left

rFire  x . .     SeeInvis .       - Unarmed
rCold  + . .     Clarity  .     (no armour)
rNeg   + + +     rCorr    .     (no shield)
rPois  +         rRot     +     (no helmet)
rElec  .         Spirit   .     (no cloak)
SustAb .         Warding  .     k - +1 pair of gloves
rMut   .         Stasis   .     (no boots)
Gourm  .                        (no amulet)
MR     .....                    (no ring)
                                (no ring)

@: not resistant to hostile enchantments, unstealthy
A: no food or potions, fire vulnerability, restore body, cold resistance 1,
negative energy resistance 3, poison resistance, torment resistance, unbreathing
a: no special abilities


You were on level 5 of the Dungeon.
You were not hungry.

You visited 1 branch of the dungeon, and saw 5 of its levels.

You collected 227 gold pieces.

Inventory:

Armour
 k - a +1 pair of gloves (worn)
Scrolls
 b - 2 scrolls of teleportation (quivered)
 e - 2 scrolls of noise
 h - 2 scrolls of remove curse
 i - a scroll of amnesia
 j - 3 scrolls of fear


   Skills:
 - Level 3.0 Fighting
 - Level 2.4 Dodging
 - Level 1.5 Stealth
 + Level 5.0 Unarmed Combat


You had 3 spell levels left.
You didn't know any spells.

Dungeon Overview and Level Annotations

Branches:
Dungeon (5/15)
 Temple: D:4-7

Altars:
Fedhas
Okawaru
Qazlal
Sif Muna

Shops:
D:5 *

Annotations:
D:2 Grinder
D:3 exclusion: upstairs, Ijyb


Innate Abilities, Weirdness & Mutations

You do not eat or drink.
Your flesh is vulnerable to fire.
Your flesh is cold resistant.
You are immune to negative energy.
Your system is resistant to poisons.
You are immune to unholy pain and torment.
You can survive without breathing.


Message History

Read which item? (? for menu, Esc to quit)
As you read the scroll of teleportation, it crumbles to dust.
You feel strangely unstable. The iguana closely misses you.
An iguana is nearby!
Your surroundings suddenly seem different.
A worker ant, 2 orcs and an orc priest come into view.
The worker ant moves out of view.
The orc shouts!
The iguana hisses angrily.
An adder comes into view.
A crimson imp comes into view.
The crimson imp shouts!
Found a scroll of identify.
The crimson imp closely misses you. The adder closely misses you.
The adder bites you.
* * * LOW HITPOINT WARNING * * *
The adder bites you.
* * * LOW HITPOINT WARNING * * *
The adder bites you.
You die...

. ....... ##
####.##.o.....
###.####.##.##o.o....#
....................+
#......##.##.......#
###..#.#.##.##........
+##?.....#.##.##.o......
.........5#.##.##.######.
..#.#..@Sl.o.o...#
##.######.#### #.
#####.####### #.
#...#.......# #.
#.#.#.......# +.
#.#.........# ##
#.###......$# #.#
#.......# #.###.......#


You could see an iguana, a crimson imp, an adder and 2 orcs.

Vanquished Creatures
  A hound (D:4)
  3 adders
  A worm (D:2)
  2 giant geckos
  A ball python (D:1)
  3 bats
  2 giant cockroaches (D:4)
  8 goblins
  6 hobgoblins
  4 jackals (D:1)
  10 kobolds
  2 quokkas
  3 giant newts
  5 rats
51 creatures vanquished.

Notes
Turn   | Place    | Note
--------------------------------------------------------------
     0 | D:1      | Amnesiac, the Mummy Monk, began the quest for the Orb.
     0 | D:1      | Reached XP level 1. HP: 18/18 MP: 1/1
   223 | D:1      | Reached XP level 2. HP: 18/24 MP: 2/2
   792 | D:1      | Reached skill level 4 in Unarmed Combat
  1177 | D:2      | Reached XP level 3. HP: 25/29 MP: 3/3
  1530 | D:2      | Noticed an earth elemental
  1532 | D:2      | Found a stormy altar of Qazlal.
  1533 | D:2      | Noticed a water elemental
  1533 | D:2      | Noticed an air elemental
  1533 | D:2      | Noticed a fire elemental
  1617 | D:2      | Found an iron altar of Okawaru.
  1617 | D:2      | Found a deep blue altar of Sif Muna.
  1843 | D:3      | Noticed Ijyb
  2330 | D:2      | Found a blossoming altar of Fedhas.
  2661 | D:4      | Reached XP level 4. HP: 35/35 MP: 4/4
  2878 | D:4      | Noticed an ogre
  2905 | D:3      | Noticed Grinder
  2927 | D:3      | Paralysed by Grinder for 6 turns
  3114 | D:5      | Entered Level 5 of the Dungeon
  3114 | D:5      | Noticed an ogre
  3163 | D:5      | Found Saum's General Store.
  3291 | D:3      | Paralysed by Grinder for 5 turns
  3925 | D:3      | Paralysed by Grinder for 6 turns
  3943 | D:2      | Paralysed by Grinder for 4 turns
  4244 | D:4      | Reached skill level 5 in Unarmed Combat
  4707 | D:5      | Slain by an adder

Action                   |  1- 3 |  4- 6 || total
-------------------------+-------+-------++-------
Melee: Unarmed           |   134 |    80 ||   214
  Use: Scroll            |     2 |     9 ||    11
 Stab: Distracted        |       |     1 ||     1
